Map: Eternal Empire LE

Players

PtitDrogo - Winner!

  • Race: Protoss Protoss
  • League: Master
  • Spawn Location: 1:00

AGOElazer (Elazer)

  • Race: Zerg Zerg
  • League: Master
  • Spawn Location: 7:00

Event: StayAtHomestory Cup #2

VOD

Have the link to the VOD?

Description

Time

  • Played on: June 11, 2020, 11:18 a.m.
  • Length: 12:00

All games in this series

Show
View Real Time Build Order
Export as new Build Order

PtitDrogo Protoss - Winner!

Build Orders: 1 Gate Expand, Oracle Opening, Zealot Archon 

Get SALT Encoding   

  12  0:00  Probe  
  13  0:12  Probe  
  14  0:18  Pylon  
  14  0:24  Probe  
  15  0:28  Assimilator  
  15  0:32  Probe  
  15  0:41  Probe  
  16  0:48  Gateway  
  17  0:51  Probe  
  18  1:03  Probe  
  19  1:15  Probe  
  20  1:23  Nexus  
  20  1:35  Cybernetics Core  
  20  1:37  Probe  
  21  1:41  Assimilator  
  21  1:49  Probe  
  22  1:54  Pylon  
  22  2:01  Probe  
  22  2:02  Adept  
  23  2:11  Warp Gate  
  23  2:14  Probe  
  26  2:19  Stargate  
  26  2:22  Adept  
  26  2:26  Probe  
  27  2:37  Probe  
  30  2:38  Probe  
  31  2:49  Probe  
  31  2:50  Probe  
  33  2:52  Stalker  
  33  2:57  Oracle  
  35  3:01  Probe  
  36  3:07  Probe  
  40  3:13  Probe  
  40  3:15  Gateway  
  40  3:19  Probe  
  42  3:20  Pylon  
  42  3:23  Oracle  
  43  3:31  Probe  
  43  3:38  Probe  
  43  3:40  Pylon  
  47  3:43  Probe  
  48  3:50  Probe  
  48  3:53  Oracle  
  50  3:55  Probe  
  50  4:00  Assimilator  
  50  4:01  Assimilator  
  50  4:02  Probe  
  54  4:07  Probe  
  55  4:10  Adept x2  
  55  4:14  Probe  
  60  4:18  Pylon  
  60  4:19  Probe  
  61  4:26  Probe  
  61  4:30  Pylon  
  62  4:36  Probe  
  63  4:39  Nexus, Probe  
  64  4:49  Probe  
  65  5:01  Probe x2  
  65  5:03  Adept x2  
  68  5:13  Probe x2  
  70  5:17  Twilight Council  
  70  5:18  Forge, Shield Battery  
  70  5:19  Robotics Facility  
  70  5:24  Probe x2  
  70  5:26  Gateway  
  70  5:27  Gateway  
  72  5:31  Sentry x2  
  72  5:32  Probe x2  
  72  5:35  Gateway  
  76  5:42  Protoss Ground Weapons Level 1  
  78  5:47  Probe  
  78  5:48  Probe  
  78  5:49  Pylon  
  78  5:50  Probe  
  78  5:53  Charge  
  78  5:55  Templar Archives  
  78  5:56  Probe x2  
  81  6:00  Observer  
  81  6:02  Probe  
  81  6:04  Probe, Assimilator x2  
  84  6:06  Probe  
  84  6:07  Pylon  
  87  6:14  Probe  
  87  6:16  Probe  
  87  6:18  Immortal, Probe  
  90  6:22  Psionic Storm  
  90  6:25  Pylon  
  94  6:26  Probe  
  94  6:28  Probe  
  94  6:30  Probe  
  97  6:33  High Templar  
  97  6:38  Gateway x2  
  100  6:41  Gateway  
  100  6:43  High Templar  
  100  6:46  Photon Cannon  
  101  6:52  Warp Prism  
  101  6:56  Nexus  
  101  6:58  Pylon  
  101  7:05  High Templar x2  
  101  7:07  Probe  
  108  7:13  Gateway x2  
  108  7:17  Probe  
  108  7:18  Protoss Ground Weapons Level 2, High Templar x2  
  108  7:19  Zealot  
  108  7:20  Pylon  
  108  7:22  Archon  
  115  7:25  Immortal  
  115  7:29  Probe  
  116  7:32  Unknown  
  116  7:33  Photon Cannon  
  116  7:36  Probe  
  121  7:41  High Templar  
  121  7:42  Zealot x2  
  121  7:43  Zealot x2  
  131  7:45  Probe  
  132  7:56  Immortal  
  132  8:04  Probe  
  133  8:09  Observer  
  133  8:10  Probe x2  
  133  8:11  Probe  
  133  8:12  High Templar x2, Zealot x2  
  140  8:13  Zealot x2  
  140  8:16  Pylon  
  140  8:17  Pylon  
  140  8:18  Archon  
  148  8:21  Pylon  
  148  8:23  Pylon  
  144  8:41  Zealot x6  
  144  8:42  Zealot x2  
  144  8:46  Zealot x2  
  144  8:47  Probe  
  139  9:08  Zealot x10  
  142  9:11  Blink  
  121  9:29  High Templar x10  
  133  9:33  Archon x4  
  133  9:35  Nexus  
  133  9:37  Pylon  
  124  9:50  Gateway, Warp Prism  
  124  9:52  Gateway  
  126  9:58  Photon Cannon  
  126  10:02  Stalker x3  
  126  10:03  Zealot x2  
  134  10:10  High Templar x2  
  134  10:11  High Templar x2  
  142  10:15  Archon x2  
  142  10:21  Nexus, Photon Cannon  
  142  10:22  Pylon  
  142  10:26  High Templar x2  
  142  10:27  Zealot x4  
  154  10:30  Archon  
  154  10:31  Photon Cannon  
  154  10:32  Observer  
  154  10:33  Photon Cannon  
  154  10:36  Photon Cannon  
  154  10:37  Photon Cannon  
  154  10:39  Shield Battery  
  154  10:41  Probe  
  156  10:43  Assimilator  
  156  10:55  Zealot x2, Stalker x5  
  156  10:56  Zealot x3  
  174  11:08  Probe  
  173  11:15  High Templar x2  
  173  11:16  High Templar x3  
  173  11:18  Zealot x6  
  195  11:20  Archon x2  
  195  11:21  Stalker  
  172  11:31  Gateway  
  170  11:33  Probe  
  170  11:35  Probe  
  168  11:40  Stalker x6  
  167  11:54  Archon  
Show
View Real Time Build Order
Export as new Build Order

AGOElazer Zerg 

Build Orders: Hatch First 

Get SALT Encoding   

  12  0:00  Drone  
  13  0:12  Overlord  
  13  0:16  Drone  
  14  0:30  Drone x2  
  16  0:48  Hatchery  
  15  0:51  Drone  
  15  0:54  Drone  
  17  0:58  Drone  
  18  1:08  Extractor  
  17  1:13  Spawning Pool  
  17  1:16  Drone  
  17  1:20  Drone  
  18  1:27  Drone  
  19  1:38  Drone  
  20  1:55  Drone  
  20  1:59  Queen x2  
  20  2:00  Zergling x2, Overlord  
  26  2:11  Zergling x2  
  26  2:12  Drone  
  28  2:22  Drone x2  
  30  2:27  Hatchery  
  29  2:32  Drone  
  29  2:33  Drone  
  31  2:40  Queen  
  33  2:44  Metabolic Boost  
  33  2:50  Overlord  
  33  2:53  Drone  
  33  2:56  Drone  
  35  2:59  Drone  
  35  3:04  Overlord  
  36  3:08  Drone x3  
  36  3:10  Drone  
  40  3:13  Zergling x2  
  40  3:15  Zergling x2  
  42  3:20  Queen  
  42  3:27  Drone x3  
  47  3:29  Drone  
  47  3:33  Drone  
  49  3:45  Drone x5  
  54  3:49  Overlord  
  54  3:52  Drone x4  
  58  3:57  Roach Warren  
  57  4:03  Overlord  
  57  4:07  Queen  
  57  4:09  Overlord  
  59  4:12  Zergling x6  
  59  4:16  Queen  
  64  4:18  Zergling x4  
  64  4:22  Zergling x6  
  69  4:24  Zergling x2  
  69  4:26  Spore Crawler  
  69  4:27  Zergling x2  
  70  4:36  Spore Crawler  
  70  4:37  Overlord  
  66  4:39  Drone x6  
  66  4:41  Drone  
  71  4:53  Drone x5  
  71  4:59  Drone  
  71  5:03  Drone  
  71  5:04  Spore Crawler  
  71  5:05  Drone  
  65  5:07  Drone  
  64  5:19  Drone x5  
  69  5:26  Drone x5  
  69  5:28  Drone  
  75  5:33  Lair  
  75  5:34  Queen, Hatchery  
  76  5:39  Drone x3  
  79  5:42  Extractor  
  79  5:43  Extractor  
  79  5:47  Drone x4  
  81  5:52  Drone x2  
  81  5:53  Evolution Chamber, Baneling Nest  
  81  5:54  Overlord  
  81  5:57  Pneumatized Carapace  
  81  5:59  Drone x3  
  81  6:02  Extractor, Drone x2  
  81  6:03  Drone  
  86  6:04  Drone  
  86  6:09  Drone  
  88  6:12  Drone  
  88  6:14  Drone x5  
  88  6:17  Extractor  
  93  6:22  Zerg Melee Weapons Level 1  
  93  6:24  Roach x2  
  97  6:27  Overlord  
  97  6:28  Overlord  
  97  6:31  Overseer  
  97  6:33  Overseer  
  97  6:39  Extractor  
  96  6:42  Zergling x2  
  96  6:43  Overlord  
  96  6:44  Overlord  
  96  6:46  Drone x4  
  101  6:47  Drone x3  
  101  6:51  Roach x2  
  108  6:56  Drone x5, Centrifical Hooks  
  108  6:59  Infestation Pit  
  108  7:01  Drone x2  
  113  7:05  Drone  
  113  7:06  Overlord  
  114  7:13  Drone x2  
  116  7:18  Drone x2  
  116  7:19  Spire  
  116  7:20  Unknown  
  116  7:25  Hatchery  
  116  7:26  Roach x8  
  116  7:27  Glial Reconstitution  
  130  7:33  Overlord  
  130  7:38  Roach x5  
  130  7:41  Zergling x4  
  142  7:45  Overlord  
  142  7:48  Hive  
  142  7:49  Drone  
  142  7:51  Overlord x2  
  143  7:52  Overlord  
  143  7:53  Drone x3  
  146  8:01  Drone x3  
  146  8:05  Zergling x14  
  153  8:13  Overlord  
  153  8:15  Zergling x10  
  153  8:16  Ravager x2  
  153  8:18  Baneling x10  
  160  8:23  Zerg Melee Weapons Level 2  
  160  8:26  Zergling x18  
  169  8:32  Corruptor  
  170  8:42  Corruptor x2  
  170  8:45  Zergling x8  
  170  8:46  Baneling  
  170  8:47  Baneling x7  
  160  8:55  Zergling x16  
  158  9:02  Zergling x6  
  138  9:12  Roach x5  
  135  9:18  Zergling x8  
  118  9:24  Drone  
  118  9:26  Adrenal Glands  
  118  9:27  Drone x2  
  118  9:29  Drone x2  
  118  9:30  Queen  
  117  9:31  Queen x2  
  117  9:33  Drone  
  118  9:41  Drone x4  
  118  9:42  Drone  
  123  9:48  Drone  
  124  9:53  Drone x4  
  128  10:04  Zergling x16  
  133  10:12  Overlord  
  131  10:17  Overlord  
  131  10:21  Zergling x8, Ravager x2  
  133  10:22  Zergling x4  
  133  10:24  Roach x2  
  133  10:25  Roach  
  133  10:26  Roach, Ravager x3  
  133  10:27  Baneling x12  
  149  10:29  Greater Spire  
  149  10:33  Roach x3  
  149  10:34  Roach x3  
  161  10:38  Zergling x8  
  161  10:39  Baneling x8  
  165  10:44  Baneling x4  
  165  10:45  Drone x9  
  174  10:50  Evolution Chamber  
  174  10:56  Zergling x12  
  179  10:59  Zergling x8  
  183  11:05  Zergling x2  
  180  11:14  Zergling x12  
  180  11:15  Baneling x11  
  182  11:22  Zergling x16  
  182  11:24  Baneling x10  
  188  11:30  Overlord  
  188  11:32  Baneling x11  
  178  11:33  Baneling x4  
  178  11:39  Zergling x20  
Tags
 
Add a new tag
Caveats
  • Supply blocks, unpowered buildings, or Contaminate may cause inaccurate times.
  • Supply counts are checked every 10 seconds.